 Dungeon Sprint DCSS version 0.29.1-12-g30fa7ad0bf (webtiles) character file.

Game seed: 17183227843784432734

7158 ChrisAssaf the Covert (level 11, -3/59 HPs)
             Began as a Human Enchanter on Dec 23, 2022.
             Was a Believer of Nemelex Xobeh.
             Slain by a demonic crawler (12 damage)
             ... in the Dungeon (Sprint I: "Red Sonja").
             The game lasted 00:12:12 (1554 turns).

ChrisAssaf the Covert (Human Enchanter)             Turns: 1554, Time: 00:12:13

Health: -3/59      AC:  4    Str:  6 (7)  XL:     11   Next: 32%
Magic:  16/16      EV: 14    Int: 13      God:    Nemelex Xobeh [**....]
Gold:   580        SH:  0    Dex: 12 (13) Spells: 22/27 levels left

rFire   + . .      SeeInvis .   a - +1 dagger (spect)
rCold   . . .      Faith    .   (no shield)
rNeg    . . .      Spirit   .   m - +3 robe "Zidi" {rF+ Dex+3}
rPois   .          Reflect  .   (no helmet)
rElec   .          Harm     .   (no cloak)
rCorr   .          Rampage  .   (no gloves)
Will    .....      Rage     9%  (no boots)
Stlth   +++++..... NoTele   +   (no amulet)
HPRegen 0.00/turn               (no ring)
MPRegen 0.15/turn               (no ring)

@: on berserk cooldown, inhibited regen, unable to read, unable to drink
A: berserk 2, clumsy 2, deformed body, deterioration 2, dopey 2, frail 3, low MP
3, screaming 2, inhibited regeneration, weak 2, no potion heal 2, subdued magic
3, inability to drink after injury 2, inability to read after injury 2,
devolution 1
a: Renounce Religion, Draw Escape, Draw Destruction, Draw Summoning


You were in the Dungeon.
You worshipped Nemelex Xobeh.
Nemelex Xobeh was pleased with you.
You visited 1 branch You collected 970 gold pieces.
You spent 390 gold pieces at shops.

Inventory:

Hand Weapons
 a - a +1 spectral dagger (weapon)
Missiles
 p - 5 curare-tipped darts (quivered)
Armour
 b - a +1 robe
 k - a +3 leather armour
 m - the +3 robe "Zidi" (worn) {rF+ Dex+3}
   (You bought it in a shop in the Dungeon)

   Dex:       It affects your dexterity (+3).
   rF:        It protects you from fire.
Wands
 h - a wand of roots (6)
Scrolls
 c - a scroll of brand weapon
 n - a scroll of vulnerability {unknown}
Potions
 d - 4 potions of curing
 e - a potion of heal wounds
 f - 2 potions of haste
 g - 2 potions of magic
 j - a potion of lignification


   Skills:
 * Level 7.7 Fighting
 * Level 8.7 Short Blades
 * Level 5.5 Throwing
 * Level 7.9 Armour
 * Level 7.5 Dodging
 * Level 13.2 Stealth
 * Level 8.6 Spellcasting
 * Level 9.7 Hexes
 * Level 7.2 Ice Magic
 * Level 5.8 Invocations
 * Level 7.0 Evocations


You had 22 spell levels left.
You knew the following spells:

 Your Spells              Type           Power      Damage    Failure   Level
b - Tukima's Dance        Hex            16%        N/A       1%          3
c - Ensorcelled Hibernat  Hex/Ice        28%        N/A       1%          2

Your spell library contained the following spells:

 Spells                   Type           Power      Damage    Failure   Level
 Confusing Touch          Hex            16%        N/A       1%          3
 Dazzling Flash           Conj/Hex       18%        N/A       2%          3


Dungeon Overview and Level Annotations

Branches:
Dungeon (1/1)

Altars:
Cheibriados
Dithmenos
Elyvilon
Fedhas
Gozag
Hepliaklqana
Kikubaaqudgha
Makhleb
Nemelex Xobeh
Okawaru
Qazlal
Ru
Sif Muna
Trog
Uskayaw
Vehumet
Wu Jian
Xom
Yredelemnul
Zin
The Shining One
Jiyva
Lugonu

Shops:
D [[**![[

Annotations:
D exclusion: oklob plant


Innate Abilities, Weirdness & Mutations

You have an uncontrollable temper.
You are very clumsy. (Dex -4)
Armour fits poorly on your strangely shaped body.
Your body often deteriorates upon taking damage.
You are very dopey. (Int -4)
You are extremely frail. (-30% HP)
Your magical capacity is extremely low. (-30% MP)
You frequently scream uncontrollably at your foes.
You do not regenerate when monsters are visible.
You are very weak. (Str -4)
Potions cannot restore your health.
Your spells are much easier to cast, but much less powerful.
You sometimes lose the ability to drink potions when taking damage.
You sometimes lose the ability to read scrolls when taking damage.
You have hidden genetic defects.


Message History

The demonic crawler misses you. The demonic crawler closely misses you.
The demonic crawler barely misses you. The demonic crawler hits you.
The demonic crawler hits you but does no damage.
The demonic crawler hits you!
Your body deteriorates!
You feel weakened. The demonic crawler hits you.
The demonic crawler hits you but does no damage.
The demonic crawler hits you.
You feel threatened and lose the ability to read scrolls!
The demonic crawler misses you. The demonic crawler hits you!
You feel threatened and lose the ability to drink potions!
Your body deteriorates!
You feel clumsy. The demonic crawler hits you!
* * * LOW HITPOINT WARNING * * *
The demonic crawler shrieks in warning!
The demonic crawler hits you but does no damage.
The demonic crawler completely misses you. x2
Your quokka bites the demonic crawler but does no damage.
The demonic crawler shrieks in warning!
The demonic crawler hits your ball python.
The demonic crawler closely misses your ball python.
The demonic crawler misses your ball python.
You feel yourself speed up.
Your quokka barely misses the demonic crawler.
Your giant cockroach bites the demonic crawler but does no damage.
Your ball python bites the demonic crawler but does no damage.
The demonic crawler hits your giant cockroach!
Your giant cockroach dies!
Your giant cockroach's corpse dissolves into shadows!
The demonic crawler hits your ball python!
Your ball python dies!
Your ball python's corpse dissolves into shadows!
Your quokka barely misses the demonic crawler.
A gargoyle comes into view. It is wielding a +0 flail.
You draw a card...
You have drawn the Tomb.
Walls emerge from the floor!
The demonic crawler barely misses you. The demonic crawler misses you.
The demonic crawler barely misses you.
Your quokka bites the demonic crawler.
The demonic crawler hits you!
You die...
Your body disappears without a glow.

####################
'..#..'..#__#..###r#
#).').#..'..'.)#@ss##+#
##'#####'#__#####s.'s.#
#..#...#)####§§#####9.+
####..##§#§§~§)#..# ##
___##'#_.§~~§..'..#
∩...'..._#§§~§§#..#
.__##_.#'##§#####'#
___###'#)#.(..###P+
######)####'###.###


You could see 4 demonic crawlers, a gargoyle and a friendly quokka (summoned).

Vanquished Creatures
  2 centaur warriors (D)
  Sonja (D)
  A deep troll (D)
  8 shining eyes (D)
  2 kobold demonologists (D)
  A hornet (D)
  A slime creature (D)
  Sigmund (D)
  A yak (D)
  5 floating eyes (D)
  An ogre (D)
  A jelly (D)
  Ijyb (D)
  A ballistomycete spore (D)
27 creatures vanquished.

Vanquished Creatures (others)
  A ballistomycete spore (D)
1 creature vanquished.

Grand Total: 28 creatures vanquished

Notes
Turn   | Place    | Note
-------+----------+-------------------------------------------
     0 | D        | ChrisAssaf the Human Enchanter began the quest for the Orb.
     0 | D        | Reached XP level 1. HP: 13/13 MP: 3/3
     2 | D        | Noticed Ijyb
    13 | D        | Killed Ijyb
    14 | D        | Reached skill level 1 in Fighting
    14 | D        | Reached skill level 1 in Armour
    14 | D        | Reached skill level 4 in Stealth
    14 | D        | Reached XP level 2. HP: 17/21 MP: 3/5
    14 | D        | Reached XP level 3. HP: 22/26 MP: 3/6
   155 | D        | Learned a level 3 spell: Confusing Touch
   159 | D        | Learned a level 3 spell: Tukima's Dance
   163 | D        | Noticed an ogre
   171 | D        | Killed an ogre
   172 | D        | Reached skill level 6 in Stealth
   172 | D        | Reached skill level 5 in Hexes
   172 | D        | Reached skill level 1 in Evocations
   172 | D        | Reached XP level 4. HP: 30/34 MP: 3/9
   172 | D        | Reached XP level 5. HP: 35/39 MP: 3/10
   175 | D        | Learned a level 2 spell: Ensorcelled Hibernation
   188 | D        | Noticed Sigmund
   208 | D        | Killed Sigmund
   209 | D        | Reached skill level 7 in Stealth
   209 | D        | Reached XP level 6. HP: 26/47 MP: 3/12
   358 | D        | Found an ornate altar of the Wu Jian Council.
   358 | D        | Found a shimmering blue altar of Sif Muna.
   360 | D        | Found a radiant altar of Vehumet.
   399 | D        | Found Asomn's Assorted Antiques.
   399 | D        | Found an ancient bone altar of Kikubaaqudgha.
   399 | D        | Found a hazy altar of Hepliaklqana.
   399 | D        | Found a stormy altar of Qazlal.
   399 | D        | Found a hide-covered altar of Uskayaw.
   399 | D        | Found a blossoming altar of Fedhas.
   399 | D        | Found a bloodstained altar of Trog.
   399 | D        | Found an iron altar of Okawaru.
   399 | D        | Found a basalt altar of Yredelemnul.
   399 | D        | Found a glowing golden altar of the Shining One.
   399 | D        | Found a snail-covered altar of Cheibriados.
   399 | D        | Found a sacrificial altar of Ru.
   399 | D        | Found a glowing silver altar of Zin.
   399 | D        | Found a shadowy altar of Dithmenos.
   399 | D        | Found a white marble altar of Elyvilon.
   399 | D        | Noticed a yak
   400 | D        | Found an opulent altar of Gozag.
   405 | D        | Killed a yak
   406 | D        | Reached skill level 8 in Stealth
   406 | D        | Reached XP level 7. HP: 30/54 MP: 6/14
   534 | D        | Found a sparkling altar of Nemelex Xobeh.
   538 | D        | Bought a scroll labelled GUKHLI UC CUL for 27 gold pieces
   538 | D        | Bought a silken robe for 153 gold pieces
   538 | D        | Identified the +3 robe "Zidi" {rF+ Dex+3} (You bought it in
                  | a shop in the Dungeon)
   538 | D        | Bought a scroll labelled QIMUHI XATZATI for 27 gold pieces
   538 | D        | Bought a scroll labelled FURESOFEORR for 27 gold pieces
   556 | D        | Became a worshipper of Nemelex Xobeh the Trickster
   568 | D        | Noticed Sonja
   572 | D        | Killed Sonja
   573 | D        | Reached skill level 5 in Fighting
   573 | D        | Reached skill level 5 in Armour
   573 | D        | Reached skill level 5 in Dodging
   573 | D        | Reached skill level 9 in Stealth
   573 | D        | Reached skill level 5 in Spellcasting
   573 | D        | Reached XP level 8. HP: 62/62 MP: 12/16
   588 | D        | Found Qooniel's Armour Boutique.
   598 | D        | Reached * piety under Nemelex Xobeh
   598 | D        | Noticed a shining eye
   598 | D        | Noticed a shining eye
   598 | D        | Noticed a shining eye
   598 | D        | Noticed a shining eye
   598 | D        | Noticed a shining eye
   598 | D        | Noticed a shining eye
   600 | D        | Gained mutation: Your spells are a little easier to cast,
                  | but a little less powerful. [a shining eye]
   601 | D        | Reached skill level 5 in Short Blades
   601 | D        | Reached skill level 10 in Stealth
   601 | D        | Noticed a shining eye
   601 | D        | Noticed a shining eye
   603 | D        | Gained mutation: You are frail. (-10% HP) [a shining eye]
   604 | D        | Gained mutation: You sometimes lose your temper in combat.
                  | [a shining eye]
   604 | D        | Gained mutation: You are weak. (Str -2) [a shining eye]
   605 | D        | Gained mutation: Armour fits poorly on your strangely
                  | shaped body. [a shining eye]
   607 | D        | Paralysed by a floating eye for 4 turns
   614 | D        | Reached skill level 1 in Throwing
   614 | D        | Reached skill level 1 in Invocations
   614 | D        | Paralysed by a floating eye for 4 turns
   617 | D        | Gained mutation: You are very frail. (-20% HP) [a shining
                  | eye]
   619 | D        | Gained mutation: You are dopey. (Int -2) [a shining eye]
   621 | D        | Gained mutation: Your magical capacity is low. (-10% MP) [a
                  | shining eye]
   622 | D        | Gained mutation: You have an uncontrollable temper. [a
                  | shining eye]
   626 | D        | Killed a shining eye
   626 | D        | Gained mutation: You are very dopey. (Int -4) [a shining
                  | eye]
   626 | D        | Gained mutation: You occasionally shout uncontrollably at
                  | your foes. [a shining eye]
   626 | D        | Gained mutation: Your magical capacity is very low. (-20%
                  | MP) [a shining eye]
   626 | D        | Paralysed by a floating eye for 2 turns
   627 | D        | Reached skill level 5 in Evocations
   627 | D        | Reached XP level 9. HP: 54/54 MP: 13/14
   627 | D        | Gained mutation: Your magical capacity is extremely low.
                  | (-30% MP) [a shining eye]
   628 | D        | Gained mutation: You occasionally lose the ability to drink
                  | potions when taking damage. [a shining eye]
   628 | D        | Gained mutation: You have hidden genetic defects. [a
                  | shining eye]
   629 | D        | Gained mutation: You do not regenerate when monsters are
                  | visible. [a shining eye]
   631 | D        | Gained mutation: Your spells are easier to cast, but less
                  | powerful. [a shining eye]
   632 | D        | Paralysed by a floating eye for 3 turns
   633 | D        | Gained mutation: Your body sometimes deteriorates upon
                  | taking damage. [a shining eye]
   640 | D        | Paralysed by a floating eye for 2 turns
   646 | D        | Paralysed by a floating eye for 2 turns
   661 | D        | Gained mutation: You are extremely frail. (-30% HP) [a
                  | shining eye]
   670 | D        | Killed a shining eye
   671 | D        | Reached skill level 11 in Stealth
   671 | D        | Reached skill level 5 in Ice Magic
   677 | D        | Killed a shining eye
   678 | D        | Gained mutation: You sometimes lose the ability to drink
                  | potions when taking damage. [a shining eye]
   687 | D        | Killed a shining eye
   688 | D        | Reached XP level 10. HP: 53/53 MP: 14/14
   691 | D        | Gained mutation: You are clumsy. (Dex -2) [a shining eye]
   694 | D        | Killed a shining eye
   695 | D        | Reached skill level 12 in Stealth
   697 | D        | Gained mutation: You are very clumsy. (Dex -4) [a shining
                  | eye]
   700 | D        | Gained mutation: Your spells are much easier to cast, but
                  | much less powerful. [a shining eye]
   707 | D        | Gained mutation: You are very weak. (Str -4) [a shining
                  | eye]
   711 | D        | Gained mutation: You have terrible hidden genetic defects.
                  | [hidden defects]
   722 | D        | Gained mutation: Potions are less effective at restoring
                  | your health. [a shining eye]
   724 | D        | Gained mutation: You occasionally lose the ability to read
                  | scrolls when taking damage. [a shining eye]
   724 | D        | Gained mutation: Your body often deteriorates upon taking
                  | damage. [a shining eye]
   728 | D        | Gained mutation: Potions cannot restore your health. [a
                  | shining eye]
   734 | D        | Gained mutation: You sometimes lose the ability to read
                  | scrolls when taking damage. [a shining eye]
   737 | D        | Killed a shining eye
   740 | D        | Gained mutation: You frequently scream uncontrollably at
                  | your foes. [a shining eye]
   746 | D        | Lost mutation: You do not regenerate when monsters are
                  | visible. [a shining eye]
   751 | D        | Killed a shining eye
   755 | D        | Killed a shining eye
   767 | D        | Found Juzuukog's Distillery.
   767 | D        | Found Muecacs's Armour Shoppe.
   767 | D        | Found Luan's Armour Boutique.
   767 | D        | Found Etoboemn's General Store.
   767 | D        | Received a gift from Nemelex Xobeh
   777 | D        | Bought a potion of lignification for 33 gold pieces
   786 | D        | Bought a scroll of brand weapon for 123 gold pieces
   931 | D        | Noticed a deep troll
   955 | D        | Killed a deep troll
   956 | D        | Reached skill level 5 in Invocations
  1162 | D        | Reached ** piety under Nemelex Xobeh
  1167 | D        | Found Muacir's Armour Emporium.
  1195 | D        | Noticed a centaur warrior
  1195 | D        | Noticed a centaur warrior
  1201 | D        | Killed a centaur warrior
  1202 | D        | Reached XP level 11. HP: 58/58 MP: 16/16
  1202 | D        | Killed a centaur warrior
  1203 | D        | Reached skill level 5 in Throwing
  1218 | D        | Gained mutation: You do not regenerate when monsters are
                  | visible. [hidden defects]
  1218 | D        | Lost mutation: You have terrible hidden genetic defects.
                  | [hidden defects expressed]
  1222 | D        | Reached skill level 13 in Stealth
  1234 | D        | Noticed an oklob plant
  1494 | D        | Found a burning altar of Makhleb.
  1494 | D        | Found a viscous altar of Jiyva.
  1494 | D        | Found a shimmering altar of Xom.
  1494 | D        | Found a corrupted altar of Lugonu.
  1511 | D        | Paralysed by a floating eye for 3 turns
  1550 | D        | Received a gift from Nemelex Xobeh
  1554 | D        | Slain by a demonic crawler

Illustrated notes

Levels and vault maps discovered:
D:        dungeon_sprint_1 [red_sonja_temple_1, red_sonja_temple_small_1]

Skill      XL: |  1  2  3  4  5  6  7  8  9 10 11 |
---------------+----------------------------------+-----
Fighting       | 1 2 3 4 5 6 7 |  7.7
Armour         | 1 2 3 4 5 6 7 |  7.9
Stealth        | 4 6 7 8 9 10 11 12 13 | 13.2
Hexes          | 4 5 6 7 8 9 |  9.7
Short Blades   | 2 3 4 5 6 8 |  8.7
Dodging        | 3 4 5 6 7 |  7.5
Spellcasting   | 3 4 5 6 7 8 |  8.6
Evocations     | 1 2 3 4 5 6 7 |  7.0
Ice Magic      | 2 4 5 6 7 |  7.2
Throwing       | 2 3 4 5 |  5.5
Invocations    | 2 3 5 |  5.8

Action                   |  1- 3 |  4- 6 |  7- 9 | 10-12 || total
-------------------------+-------+-------+-------+-------++-------
Melee: Dagger            |     8 |    11 |    63 |    67 ||   149
       Punch             |       |       |     2 |       ||     2
Throw: Dart              |       |       |       |     3 ||     3
 Cast: Tukima's Dance    |     1 |       |       |       ||     1
       Ensorcelled Hiber |       |     5 |     1 |     6 ||    12
       Confusing Touch   |       |       |       |     1 ||     1
Invok: Draw Destruction  |       |       |       |     2 ||     2
       Draw Escape       |       |       |       |     2 ||     2
Evoke: Wand              |       |     3 |     2 |     4 ||     9
  Use: Potion            |     2 |       |     2 |     1 ||     5
       Scroll            |       |       |     1 |     7 ||     8
 Stab: Invisible         |     3 |       |       |       ||     3
       Sleeping          |       |     3 |     2 |     5 ||    10
Armor: Leather armour    |       |     2 |       |       ||     2
       Robe              |       |       |       |     4 ||     4
       Skin              |       |       |       |     1 ||     1
Dodge: Dodged            |     7 |     4 |     1 |     9 ||    21
